 Dungeon Crawl Stone Soup version 0.20-a0-738-gb057e68 (webtiles) character file.

101496 rgaf the Brawler (level 16, -10/141 HPs)
             Began as a Ghoul Monk on Feb 22, 2017.
             Was the Champion of Makhleb.
             Mangled by a shambling mangrove (25 damage)
             ... on level 2 of the Swamp on Feb 23, 2017.
             The game lasted 00:50:34 (26166 turns).

rgaf the Brawler (Ghoul Monk)                      Turns: 26166, Time: 00:50:35

Health: -10/141    AC: 24    Str: 24    XL:     16   Next: 30%
Magic:  15/15      EV:  6    Int:  7    God:    Makhleb [******]
Gold:   1299       SH: 20    Dex: 17    Spells: 15/15 levels left

rFire    + + .     SeeInvis .     - Unarmed
rCold    + + .     Gourm    .   N - +2 plate armour {rF+}
rNeg     + + +     Faith    .   s - +5 shield of Zeffob {rElec MR+++ Dex+2 Stlth-}
rPois    ∞         Spirit   .   m - +1 hat
rElec    +         Reflect  .   l - +2 cloak
rCorr    .         Harm     .   (no gloves)
MR       ++++.                  I - +1 pair of boots {Stlth+}
Stlth    ..........             (no amulet)
Regen    0.0/turn               u - ring of protection from fire
MPRegen  0.2/turn               a - ring "Letoocvi" {+Inv rC+ Str+4 Dex+4}

@: about to teleport, grasped by roots, rotting, very slow
A: rotting body, claws 1, carnivore 3, cold resistance 1, negative energy
resistance 3, inhibited regeneration, torment resistance, unbreathing
a: Minor Destruction, Lesser Servant of Makhleb, Major Destruction, Greater
Servant of Makhleb, Renounce Religion, Evoke Invisibility


You were on level 2 of the Swamp.
You worshipped Makhleb.
Makhleb was exalted by your worship.
You were not hungry.

You visited 5 branches of the dungeon, and saw 23 of its levels.
You visited 1 bazaar.
You also visited: Ossuary and Ice Cave.

You collected 2996 gold pieces.
You spent 1697 gold pieces at shops.

Inventory:

Missiles
 d - 8 javelins (quivered)
Armour
 l - a +2 cloak (worn)
 m - a +1 hat (worn)
 s - the +5 shield of Zeffob (worn) {rElec MR+++ Dex+2 Stlth-}
   (You found it on level 5 of the Dungeon)

   It affects your dexterity (+2).
   It insulates you from electricity.
   It affects your resistance to hostile enchantments.
   It makes you less stealthy.
 I - a +1 pair of boots of stealth (worn)
 N - a +2 plate armour of fire resistance (worn)
 U - a scarf of cold resistance
Jewellery
 a - the ring "Letoocvi" (left claw) {+Inv rC+ Str+4 Dex+4}
   (You bought it in a shop on level 2 of the Orcish Mines)

   [ring of protection from cold]

   It affects your strength (+4).
   It affects your dexterity (+4).
   It protects you from cold.
   It lets you turn invisible.
 u - a ring of protection from fire (right claw)
Wands
 e - a wand of lightning (3/15)
 p - a wand of lightning (8/15)
 E - a wand of acid (5/15)
 F - a wand of iceblast (7/15)
 G - a wand of polymorph (17/24)
 H - a wand of lightning (8/15)
 L - a wand of disintegration (9/24)
 Q - a wand of iceblast (5/15)
 R - a wand of flame (27/48)
 T - a wand of paralysis (12/24)
 W - a wand of clouds (6/9)
 X - a wand of flame (20/48)
Scrolls
 c - 4 scrolls of vulnerability
 h - 2 scrolls of amnesia
 j - 12 scrolls of remove curse
 k - 5 scrolls of magic mapping
 q - a scroll of summoning
 t - 4 scrolls of immolation
 A - 4 scrolls of teleportation
 K - a scroll of enchant weapon
 M - a scroll of identify
 O - 3 scrolls of fog
 P - 2 scrolls of enchant armour {unknown}
Potions
 g - a potion of magic
 i - 4 potions of invisibility
 n - a potion of brilliance
 w - 7 potions of curing
 x - 4 potions of heal wounds
 z - 4 potions of might
 B - 4 potions of agility
 C - 3 potions of ambrosia
 J - 3 potions of cancellation
 S - a potion of flight
Books
 f - a book of Fire

   Spells                             Type                      Level
   a - Ignite Poison                  Fire/Transmutation/Poison    3
   b - Fireball                       Conjuration/Fire             5
   c - Bolt of Fire                   Conjuration/Fire             6
   d - Ring of Flames                 Charms/Fire                  7
   e - Ignition                       Fire                         8
 y - a book of Misfortune

   Spells                             Type                      Level
   a - Confusing Touch                Hexes                        1
   b - Confuse                        Hexes                        3
   c - Gell's Gravitas                Translocation                3
   d - Petrify                        Transmutation/Earth          4
   e - Metabolic Englaciation         Hexes/Ice                    5
   f - Yara's Violent Unravelling     Hexes/Transmutation          5
 D - a book of Frost

   Spells                             Type                      Level
   a - Freeze                         Ice                          1
   b - Throw Frost                    Conjuration/Ice              2
   c - Ozocubu's Armour               Charms/Ice                   3
   d - Throw Icicle                   Conjuration/Ice              4
   e - Summon Ice Beast               Ice/Summoning                4
 V - a book of Minor Magic

   Spells                             Type                      Level
   a - Magic Dart                     Conjuration                  1
   b - Blink                          Translocation                2
   c - Call Imp                       Summoning                    2
   d - Slow                           Hexes                        2
   e - Conjure Flame                  Conjuration/Fire             3
   f - Mephitic Cloud                 Conjuration/Poison/Air       3
 Y - the Almanac of Helpful Transmutation
   (You found it on level 10 of the Dungeon)

   Spells                             Type                      Level
   a - Swiftness                      Charms/Air                   2
   b - Regeneration                   Charms/Necromancy            3
   c - Petrify                        Transmutation/Earth          4
   d - Excruciating Wounds            Charms/Necromancy            5
   e - Hydra Form                     Transmutation                6
 Z - a book of Power

   Spells                             Type                      Level
   a - Iskenderun's Battlesphere      Conjuration/Charms           5
   b - Venom Bolt                     Conjuration/Poison           5
   c - Bolt of Magma                  Conjuration/Fire/Earth       5
   d - Iron Shot                      Conjuration/Earth            6
   e - Orb of Destruction             Conjuration                  7
   f - Spellforged Servitor           Conjuration/Summoning        7
Comestibles
 b - 8 meat rations
 o - 26 royal jellies
 v - 2 chunks of flesh


   Skills:
 + Level 12.8 Fighting
 + Level 11.9 Armour
 - Level 2.6 Dodging
 - Level 2.1 Stealth
 - Level 15.0 Shields
 * Level 16.9 Unarmed Combat


You had 15 spell levels left.
You didn't know any spells.

Dungeon Overview and Level Annotations

Branches:
Dungeon (12/15)            Temple (1/1) D:5            Lair (6/6) D:10
  Swamp (2/4) Lair:3        Snake (0/4) Lair:4        Slime (0/5) Lair:5
    Orc (2/2) D:9             Elf (0/3) Orc:2

Altars:
Dithmenos
Gozag
Kikubaaqudgha
Makhleb
Nemelex Xobeh
Ru
Sif Muna
Uskayaw
Xom
Yredelemnul
Zin
The Shining One
Beogh

Shops:
D:4 ?   D:5 ?*!(:   D:8 =   D:9 (   D:11 ::   Orc:2 (*=[

Annotations:
Lair:1 exclusion: oklob plant


Innate Abilities, Weirdness & Mutations

Your body is rotting away.
You thrive on raw meat.
You are immune to poison.
You have sharp fingernails.
You are carnivorous and can eat meat at any time.
Your flesh is cold resistant. (rC+)
You are immune to negative energy. (rN+++)
You do not regenerate when monsters are visible.
You are immune to unholy pain and torment.
You can survive without breathing.


Message History

Unknown command.
You are too injured to fight recklessly!
You scratch the shambling mangrove but do no damage.
The shambling mangrove is severely damaged.
You scratch the shambling mangrove but do no damage.
The shambling mangrove is severely damaged.
The shambling mangrove hits you!!
* * * LOW HITPOINT WARNING * * *
You scratch the shambling mangrove.
The shambling mangrove is severely damaged.
The shambling mangrove hits you!
* * * LOW HITPOINT WARNING * * *
As you read the scroll of fear, it crumbles to dust.
You assume a fearsome visage.
The human looks frightened!
The human shouts!
The shambling mangrove is unaffected.
As you read the scroll of teleportation, it crumbles to dust.
You feel strangely unstable. The shambling mangrove hits you!!
You die...

.♣.≈.♣...≈≈≈>..
≈≈.≈....≈.≈≈≈.>
♣..§≈≈....♣...
...≈≈≈≈≈.....
.).≈≈≈≈≈≈..♣
≈..≈≈≈≈≈≈†≈♣ ....≈.)..≈♣
.≈....≈@♣♣♣♣♣♣♣♣♣
......f%.≈♣....§♣♣
≈§§....≈♣♣≈.≈≈...♣
§≈≈≈≈.≈.♣♣♣.≈≈≈≈.♣
?≈≈≈≈≈≈≈.≈.≈≈≈≈..♣♣
♣♣.≈≈≈≈≈≈.≈≈≈≈≈...♣♣
♣♣♣♣p≈≈≈≈≈≈≈≈≈≈≈≈...♣
♣♣♣♣...♣♣♣♣♣♣♣♣.≈≈.....♣
♣♣♣ ♣..♣≈.≈♣ ♣♣.≈≈...≈♣


You could see a shambling mangrove and a human (fleeing).

Vanquished Creatures
  Rupert (Lair:5)
  Kirke (Swamp:2)
  Louise (Swamp:2)
  An orc warlord (Orc:2)
  A stone giant (Orc:1)
  A very ugly thing (Swamp:1)
  A fire dragon (Lair:6)
  Fannar (D:10)
  Erolcha (D:9)
  11 hydras
  Erica (D:8)
  2 catoblepae
  3 alligators
  3 two-headed ogres
  An ogre mage (D:12)
  2 death yaks
  5 orc high priests
  2 swamp dragons
  3 unseen horrors
  Pikel (D:3)
  A necromancer (IceCv)
  3 lindwurms
  3 orc knights
  5 orc sorcerers
  An ugly thing (D:11)
  A cyclops (D:12)
  17 elephants
  5 ice statues (IceCv)
  Maurice (Orc:1)
  2 molten gargoyles (Lair:4)
  4 black mambas
  6 torpor snails
  13 spiny frogs
  14 komodo dragons
  7 ice devils (IceCv)
  4 rime drakes
  A queen bee (Lair:6)
  3 trolls
  2 meliai (Lair:6)
  6 polar bears
  11 hornets
  11 hippogriffs
  10 tyrant leeches
  13 slime creatures
  3 bog bodies (Swamp:1)
  8 blink frogs
  3 dream sheep (Lair:2)
  A meliai zombie (D:10)
  2 spriggans (Swamp:2)
  A shadow (Swamp:2)
  23 yaks
  Eustachio (D:4)
  10 basilisks
  5 wyverns
  A wraith (D:8)
  A hungry ghost (D:7)
  11 vampire mosquitoes
  2 steam dragons
  2 wargs (Orc:2)
  Edmund (Temple)
  2 soldier ants
  5 swamp worms
  3 acid dragons
  12 water moccasins
  3 ice beasts
  12 porcupines
  7 swamp drakes
  A sky beast (D:10)
  44 orc warriors
  The ghost of niceeeeeeeeeeee the Chopper, an amateur DDBe of Gozag (D:3)
  9 black bears
  A phantom (D:9)
  A necrophage (D:10)
  9 ogres
  11 wolves
  10 centaurs
  8 crocodiles
  Blork the orc (D:6)
  An elf zombie (Ossuary)
  A big kobold (D:10)
  10 bullfrogs
  2 scorpions
  41 killer bees
  6 wights
  7 howler monkeys
  A centaur zombie (D:11)
  4 crimson imps
  5 lava snakes (Lair:4)
  2 quasits
  2 draconian simulacra (IceCv)
  4 bullfrog skeletons
  7 hounds
  19 orc priests
  2 centaur skeletons
  3 jellies
  22 orc wizards
  4 iguanas
  Ijyb (D:2)
  Terence (D:2)
  2 troll simulacra (IceCv)
  A spriggan simulacrum (IceCv)
  8 worker ants
  2 big kobold zombies (Ossuary)
  A centaur simulacrum (IceCv)
  4 mummies (Ossuary)
  A worker ant zombie (D:6)
  A hound skeleton (D:7)
  Robin (D:2)
  28 adders
  11 gnolls
  An ogre simulacrum (IceCv)
  3 naga simulacra (IceCv)
  A shadow imp (D:8)
  12 white imps (Lair:6)
  An ooze (D:3)
  2 adder zombies (D:9)
  2 worms
  2 dart slugs
  5 leopard geckos
  96 orcs
  12 bats
  7 giant cockroaches
  13 goblins
  12 hobgoblins
  9 jackals
  6 quokkas
  A ball python (D:1)
  7 frilled lizards
  2 goblin zombies (Ossuary)
  A jackal skeleton (D:8)
  4 jackal zombies (Ossuary)
  8 kobolds
  A kobold zombie (Ossuary)
  3 leopard gecko skeletons
  A quokka skeleton (D:9)
  A quokka zombie (D:9)
  10 rats
  2 rat zombies (Ossuary)
  A bush (D:1)
  2 plants
835 creatures vanquished.

Vanquished Creatures (collateral kills)
  A fungus (Lair:5)
  2 plants (Lair:5)
3 creatures vanquished.

Vanquished Creatures (others)
  A hog (Swamp:2)
  3 humans (Swamp:2)
  A slave (D:4)
  2 iguanas (Lair:6)
  A worker ant (D:4)
  A hound skeleton (D:4)
  An adder skeleton (D:4)
  2 orcs (D:4)
  27 fungi
  44 plants
  11 toadstools (Lair:3)
94 creatures vanquished.

Grand Total: 932 creatures vanquished

Notes
Turn   | Place    | Note
-------+----------+-------------------------------------------
     0 | D:1      | rgaf the Ghoul Monk began the quest for the Orb.
     0 | D:1      | Reached XP level 1. HP: 19/19 MP: 0/0
   124 | D:1      | Reached XP level 2. HP: 21/26 MP: 1/1
   148 | D:1      | Reached skill level 4 in Unarmed Combat
   604 | D:1      | Reached XP level 3. HP: 31/31 MP: 2/2
  1247 | D:2      | Reached skill level 5 in Unarmed Combat
  1250 | D:2      | Reached XP level 4. HP: 29/38 MP: 3/3
  1551 | D:2      | Noticed Ijyb
  1568 | D:2      | Killed Ijyb
  1579 | D:2      | Reached skill level 6 in Unarmed Combat
  1589 | D:2      | Noticed Robin
  1602 | D:2      | Reached XP level 5. HP: 44/45 MP: 4/4
  1680 | D:2      | Noticed Terence
  1685 | D:2      | Killed Robin
  1694 | D:2      | Killed Terence
  1971 | D:2      | Reached skill level 7 in Unarmed Combat
  1982 | D:2      | Reached XP level 6. HP: 41/51 MP: 5/5
  2970 | D:3      | Noticed niceeeeeeeeeeee's ghost (amateur DDBe)
  2978 | D:3      | Killed niceeeeeeeeeeee's ghost
  2978 | D:3      | Reached skill level 8 in Unarmed Combat
  3347 | D:4      | Noticed Pikel
  3347 | D:4      | Noticed a slave
  3348 | D:4      | Noticed a slave
  3348 | D:4      | Noticed a slave
  3348 | D:4      | Noticed a slave
  3419 | D:3      | HP: 2/51 [Pikel/whip of flaming (1)]
  3420 | D:3      | Killed Pikel
  3420 | D:3      | Reached skill level 10 in Unarmed Combat
  3420 | D:3      | Reached XP level 7. HP: 3/57 MP: 6/6
  3420 | D:3      | Reached XP level 8. HP: 3/63 MP: 7/7
  3749 | D:4      | Noticed Eustachio
  3780 | D:4      | Killed Eustachio
  4028 | D:4      | Found Xaos's Magic Scroll Shoppe.
  4044 | D:4      | Bought a scroll of teleportation for 36 gold pieces
  4044 | D:4      | Bought a scroll of identify for 24 gold pieces
  4644 | D:4      | Found an opulent altar of Gozag.
  4671 | D:5      | Entered Level 5 of the Dungeon
  4671 | D:5      | Found Jauhialoe's Weapon Shop.
  4681 | D:5      | Found Zeorch Eseicw's Distillery.
  4682 | D:5      | Found Derobog's Book Boutique.
  4751 | D:5      | Reached skill level 11 in Unarmed Combat
  4787 | D:5      | Found Haefusia's Magic Scroll Shoppe.
  4799 | D:5      | Found a staircase to the Ecumenical Temple.
  4811 | D:5      | Noticed Edmund
  4823 | Temple   | Entered the Ecumenical Temple
  4882 | Temple   | Became a worshipper of Makhleb the Destroyer
  4882 | Temple   | Reached * piety under Makhleb
  4882 | Temple   | Reached ** piety under Makhleb
  4919 | Temple   | Killed Edmund
  5043 | D:5      | Found Urocoupt's General Store.
  5064 | D:5      | Found a sacrificial altar of Ru.
  5074 | D:5      | Got an ancient shield
  5080 | D:5      | Identified the +5 shield of Zeffob {rElec MR+++ Dex+2 Stlth-} (You found it on level 5 of the Dungeon)
  5106 | D:5      | Found a deep blue altar of Sif Muna.
  5204 | D:5      | Reached skill level 1 in Shields
  5778 | D:6      | Reached skill level 1 in Armour
  5889 | D:6      | Noticed Blork the orc
  5905 | D:6      | Killed Blork the orc
  5905 | D:6      | Reached XP level 9. HP: 54/70 MP: 8/8
  6022 | D:6      | Found a sand-covered staircase.
  6026 | Ossuary  | Entered an ossuary
  6365 | D:6      | Found a glowing golden altar of the Shining One.
  6973 | D:7      | Reached XP level 10. HP: 78/78 MP: 9/9
  7092 | D:7      | Found a hide-covered altar of Uskayaw.
  7172 | D:7      | Reached *** piety under Makhleb
  7211 | D:7      | Reached skill level 12 in Unarmed Combat
  7419 | D:7      | Found an ancient bone altar of Kikubaaqudgha.
  7677 | D:8      | Found Ywnisuo's Jewellery Boutique.
  7677 | D:8      | Noticed a two-headed ogre
  7802 | D:8      | Noticed a two-headed ogre
  7807 | D:8      | Killed a two-headed ogre
  7837 | D:8      | Reached skill level 5 in Fighting
  7856 | D:8      | Found a shadowy altar of Dithmenos.
  7916 | D:8      | Noticed Erica
  7929 | D:8      | Killed Erica
  7929 | D:8      | Reached XP level 11. HP: 77/88 MP: 10/10
  7986 | D:8      | Killed an unseen horror
  7986 | D:8      | Reached skill level 10 in Shields
  8239 | D:8      | You fall through a shaft!
  8239 | D:9      | Noticed a two-headed ogre
  8245 | D:9      | Killed a two-headed ogre
  8310 | D:8      | Found a shimmering altar of Xom.
  8638 | D:8      | Found a glowing silver altar of Zin.
  8735 | D:8      | Reached **** piety under Makhleb
  9098 | D:8      | Killed a two-headed ogre
  9202 | D:9      | Found Heboimes's Weapon Shop.
  9679 | D:9      | Found a staircase to the Orcish Mines.
 10023 | D:9      | Noticed Erolcha
 10032 | D:9      | Killed Erolcha
 10135 | D:10     | Entered Level 10 of the Dungeon
 10301 | D:10     | Found a staircase to the Lair.
 10333 | D:10     | Reached XP level 12. HP: 97/97 MP: 11/11
 10507 | D:10     | Noticed Fannar
 10540 | D:10     | Reached ***** piety under Makhleb
 10685 | D:10     | Killed Fannar
 11054 | D:10     | Identified the Almanac of Helpful Transmutation
 11135 | Lair:1   | Entered Level 1 of the Lair of Beasts
 11251 | Lair:1   | Reached skill level 13 in Unarmed Combat
 11870 | Lair:1   | Found a dark tunnel.
 12638 | Lair:2   | Noticed a four-headed hydra
 12648 | Lair:2   | Killed a four-headed hydra
 12756 | Lair:2   | Reached XP level 13. HP: 108/108 MP: 12/12
 14265 | Lair:3   | Found a runed door.
 14381 | Lair:3   | Found a staircase to the Swamp.
 15891 | Lair:4   | Reached skill level 14 in Unarmed Combat
 15996 | Lair:4   | Found a staircase to the Snake Pit.
 16419 | Lair:5   | Noticed Rupert
 16595 | Lair:5   | Found a staircase to the Slime Pits.
 16702 | Lair:5   | Reached ****** piety under Makhleb
 16841 | Lair:5   | Killed Rupert
 16841 | Lair:5   | Reached skill level 10 in Armour
 16841 | Lair:5   | Reached XP level 14. HP: 93/119 MP: 13/13
 17393 | Lair:6   | Entered Level 6 of the Lair of Beasts
 17576 | Lair:5   | Reached skill level 10 in Fighting
 17932 | Lair:6   | Found a frozen archway.
 17958 | IceCv    | Entered an ice cave
 18872 | Lair:6   | Found a runed door.
 20221 | Lair:6   | Reached XP level 15. HP: 129/129 MP: 14/14
 20482 | Lair:5   | Reached skill level 15 in Unarmed Combat
 20715 | D:11     | Found Ujurr's Book Emporium.
 20735 | D:11     | Found a flickering gateway to a bazaar.
 20759 | Bazaar   | Entered a bazaar
 20759 | Bazaar   | Found Tocria's Weapon Shoppe.
 20759 | Bazaar   | Found Aclebic's Antique Armour Emporium.
 20771 | Bazaar   | Found Fabatife's Armour Shoppe.
 20771 | Bazaar   | Found Abiserch's Distillery.
 20806 | Bazaar   | Bought a pair of runed boots for 172 gold pieces
 20806 | Bazaar   | Bought a runed plate armour for 598 gold pieces
 21486 | D:11     | Reached skill level 15 in Shields
 21520 | D:11     | Found Tidez's Book Emporium.
 21935 | D:12     | Found a burning altar of Makhleb.
 21938 | D:12     | Noticed a balrug
 22238 | D:12     | Noticed a storm dragon
 22508 | Orc:1    | Entered Level 1 of the Orcish Mines
 22543 | Orc:1    | Noticed Maurice
 22552 | Orc:1    | Killed Maurice
 23163 | Orc:1    | Upgraded the game from 0.20-a0-733-gf92fd71 to 0.20-a0-738-gb057e68
 23227 | Orc:2    | Entered Level 2 of the Orcish Mines
 23483 | Orc:2    | Found a roughly hewn altar of Beogh.
 23547 | Orc:2    | Found a roughly hewn altar of Beogh.
 23564 | Orc:2    | Found a staircase to the Elven Halls.
 23586 | Orc:2    | Found Ybuscheng's General Store.
 23587 | Orc:2    | Noticed an orc warlord
 23738 | Orc:2    | Killed an orc warlord
 23879 | Orc:2    | Found Seshufau's Antique Weapon Emporium.
 24052 | Orc:2    | Found Gingepsun's Jewellery Shop.
 24144 | Orc:2    | Reached skill level 16 in Unarmed Combat
 24320 | Orc:2    | Found Ussufa Uxkag's Antique Armour Emporium.
 24563 | Orc:2    | Bought an embroidered cloak for 142 gold pieces
 24616 | Orc:2    | Bought the ring "Letoocvi" {+Inv rC+ Str+4 Dex+4} for 725 gold pieces
 24830 | Swamp:1  | Entered Level 1 of the Swamp
 25212 | Swamp:1  | Reached XP level 16. HP: 141/141 MP: 15/15
 25631 | Swamp:2  | Noticed Louise
 25651 | Swamp:2  | Killed Louise
 25782 | Swamp:2  | Noticed Kirke
 25803 | Swamp:2  | Killed Kirke
 25829 | Swamp:2  | Identified a scroll of acquirement
 26166 | Swamp:2  | Mangled by a shambling mangrove

Vault maps used:
D:1:      lordsloth_arrival_two_stooges, serial_forest,
          infiniplex_forest_straight_4, infiniplex_forest_lined_3,
          infiniplex_forest_lined_ring, infiniplex_forest_diagonal,
          infiniplex_forest_lined_corner, infiniplex_forest_end_3, st_stairs_13
D:2:      uniq_iyjb, uniq_terence, uniq_robin
D:3:      grunt_ministairs_2, uniq_crazy_yiuf_cottage
D:4:      marbit_many_paths, serial_shops, shop, first_bread,
          mrwooster_statue_mirror, uniq_eustachio, uniq_pikel
D:5:      nicolae_ru_the_path_less_chosen, led_sif_book,
          minmay_temple_entry_mist, serial_shops, nicolae_shop_trees, shop,
          kennysheep_mini, shop, shop, fountainhead, uniq_edmund
D:6:      tso_metal_star, enter_ossuary_5, uniq_blork_the_orc
D:7:      eat_drink_and_be_merry_uskayaw, lemuel_round_altar
D:8:      zin_scriptorium, nicolae_dithmenos_the_darkroom,
          overflow_temple_1_default, serial_shops, nicolae_shop_stone,
          hangedman_pestilent_swarm, uniq_erica
D:9:      david_orc_4, serial_shops, shop_statue, uniq_erolcha
D:10:     david_lair_generic, uniq_fannar
D:11:     special_room, serial_shops, bzr_entry_water, shop,
          kennysheep_mini_moat
D:12:     minmay_expanding_squares, serial_corexii_hall, corexii_hall_statues_u,
          corexii_hall_statues_deadend, makhleb_altar_promises_db
Temple:   nicolae_temple_figure_eight
Lair:1:   enter_volcano_1, minmay_lair_oklob_chamber
Lair:2:   beast_lair_carwin_large_1, hangedman_lair_generics_rect,
          grunt_megastairs_2
Lair:3:   gammafunk_lair_enchanted_lake, swamp_mist_pool
Lair:4:   cheibrodos_magma_flow, nicolae_lair_yak_garden
Lair:5:   minmay_lair_venomous_thicket, minmay_slime_entry_pillars,
          grunt_megastairs_4, uniq_rupert
Lair:6:   wormcave, guppyfry_lair_end_dragon, special_room,
          portal_ice_cave_entry_imps, serial_bayou_shore_b, serial_bayou_shore_b
Swamp:1:  serial_swamp_ruin, evilmike_swamp_ruin_house_5,
          evilmike_swamp_ruin_house_1, evilmike_swamp_ruin_house_3
Swamp:2:  evilmike_swamp_ruin_house_2, uniq_louise, uniq_kirke
Orc:1:    uniq_maurice
Orc:2:    grunt_orc_gardens, grunt_orc_garden, grunt_orc_garden,
          grunt_orc_garden, grunt_orc_garden, basic_altar, kennysheep_orc_chapel
Bazaar:   bazaar_minmay_row
Ossuary:  ossuary_minmay_tomb_2a
IceCv:    ice_cave_tombish

Skill      XL: |  1  2  3  4  5  6  7  8  9 10 11 12 13 14 15 |
---------------+----------------------------------------------+-----
Unarmed Combat | 4 5 6 7 10 11 12 13 14 16 | 16.9
Shields        | 2 9 11 12 13 14 15 | 15.0
Armour         | 1 6 8 9 10 11 | 11.9
Fighting       | 4 5 6 8 9 11 12 | 12.8
Dodging        | |  2.6
Stealth        | |  2.1

Action                   |  1- 3 |  4- 6 |  7- 9 | 10-12 | 13-15 | 16-18 || total
-------------------------+-------+-------+-------+-------+-------+-------++-------
Melee: Unarmed           |   154 |   235 |   273 |   931 |  2297 |   243 ||  4133
       Punch             |     4 |     8 |     6 |       |       |       ||    18
Evoke: Wand              |       |       |       |     8 |     1 |       ||     9
  Use: Potion            |       |     6 |     1 |       |     8 |       ||    15
       Scroll            |       |       |    18 |     5 |    20 |     3 ||    46
 Stab: Sleeping          |     2 |     1 |       |       |       |       ||     3
       Petrified         |       |       |       |       |     4 |       ||     4
       Invisible         |       |       |       |       |     2 |       ||     2
  Eat: Chunk             |     2 |     9 |    10 |    18 |    51 |     1 ||    91
       Royal jelly       |       |       |       |       |     2 |       ||     2
       Meat ration       |       |       |       |       |     1 |       ||     1
Armor: Robe              |     6 |       |       |       |       |       ||     6
       Ring mail         |    28 |    68 |       |       |       |       ||    96
       Chain mail        |       |    12 |   230 |   210 |     1 |       ||   453
       Plate armour      |       |       |       |       |   821 |    59 ||   880
Dodge: Dodged            |    72 |   114 |   134 |   117 |   357 |    41 ||   835
Block: Shield            |       |       |       |   605 |  1828 |   145 ||  2578
